Map: Shipwrecked LE

Players

CBET

  • Race: Terran Terran
  • Spawn Location: 6:00

RespekT

  • Race: Terran Terran
  • Spawn Location: 3:00

MooEsqoo

  • Race: Protoss Protoss
  • Spawn Location: 5:00

FaceOff

  • Race: Protoss Protoss
  • Spawn Location: 5:00

Dudek

  • Race: Terran Terran
  • Spawn Location: 9:00

Джо

  • Race: Terran Terran
  • Spawn Location: 11:00

Soza

  • Race: Protoss Protoss
  • League: Gold
  • Spawn Location: 9:00

Fibonacci

  • Race: Protoss Protoss
  • Spawn Location: 12:00

VOD

Have the link to the VOD?

Description

Time

  • Played on: Nov. 26, 2019, 5:27 a.m.
  • Length: 19:27
Show
View Real Time Build Order
Export as new Build Order

CBET Terran 

Build Orders:  

Get SALT Encoding   

  12  0:02  SCV  
  13  0:16  Supply Depot  
  13  0:20  SCV  
  14  0:32  SCV  
  15  0:44  SCV, Barracks  
  16  0:56  SCV  
  17  1:07  Engineering Bay  
  17  1:08  SCV  
  18  1:12  Refinery  
  18  1:20  SCV  
  19  1:31  Marine  
  19  1:32  SCV  
  21  1:44  Supply Depot  
  21  1:47  Barracks  
  21  1:58  SCV, Refinery  
  22  2:10  SCV  
  22  2:11  Barracks Reactor  
  23  2:26  Command Center  
  23  2:29  SCV  
  24  2:36  Missile Turret  
  24  2:40  Barracks Reactor  
  22  3:04  SCV  
  23  3:15  Marine x2  
  23  3:16  SCV  
  26  3:21  Bunker  
  26  3:26  Terran Infantry Weapons Level 1  
  26  3:32  Marine  
  26  3:33  Marine x2  
  29  3:34  Marine  
  30  3:48  SCV  
  31  4:00  SCV  
  31  4:02  Factory  
  32  4:09  SCV  
  33  4:13  SCV  
  34  4:21  SCV  
  35  4:25  SCV  
  36  4:33  SCV, Supply Depot  
  36  4:37  SCV  
  36  4:45  SCV  
  36  4:49  SCV  
  35  4:57  SCV  
  36  5:04  Bunker  
  36  5:08  SCV  
  36  5:10  SCV  
  36  5:12  Factory Tech Lab  
  38  5:15  Marine x4  
  38  5:20  SCV  
  43  5:21  Refinery  
  43  5:22  SCV  
  43  5:26  Refinery  
  44  5:33  SCV  
  44  5:34  SCV  
  46  5:41  Missile Turret  
  46  5:45  SCV  
  46  5:48  SCV  
  48  5:52  Marine x4  
  52  5:57  SCV  
  52  6:00  SCV  
  54  6:05  Missile Turret  
  54  6:14  Supply Depot  
  54  6:35  SCV, Siege Tank, Marine  
  54  6:37  Supply Depot  
  54  6:39  Terran Infantry Armor Level 1  
  59  6:47  SCV  
  60  7:00  Supply Depot  
  60  7:10  Command Center  
  37  7:24  Supply Depot  
  35  7:44  Missile Turret  
  35  7:46  Marine x4  
  39  8:03  Marine  
  39  8:04  Marine x3  
  39  8:05  SCV  
  42  8:13  Siege Tank  
  42  8:17  SCV  
  46  8:21  Marine x3  
  46  8:22  Marine  
  50  8:29  SCV  
  50  8:32  Missile Turret  
  51  8:39  Marine x4  
  51  8:40  Orbital Command  
  56  8:41  SCV  
  56  8:51  Missile Turret, Sensor Tower  
  56  8:53  SCV  
  57  8:57  Marine  
  58  9:05  SCV  
  58  9:07  SCV  
  60  9:12  SCV  
  60  9:15  Missile Turret  
  61  9:17  SCV  
  61  9:20  SCV  
  63  9:24  SCV  
  63  9:29  SCV, Siege Tank  
  68  9:32  SCV, Marine x4  
  68  9:36  SCV  
  74  9:41  SCV  
  74  9:44  SCV  
  76  9:48  SCV  
  76  9:49  Marine, Refinery  
  76  9:50  Marine x3  
  81  9:54  SCV  
  81  9:56  SCV  
  83  10:01  SCV  
  83  10:06  SCV  
  85  10:07  Marine x2  
  85  10:08  SCV, Marine x2  
  90  10:17  Missile Turret  
  90  10:18  SCV  
  90  10:20  SCV  
  92  10:25  Marine  
  93  10:28  Cyclone  
  93  10:32  Marine x3  
  99  10:38  Missile Turret  
  99  10:43  Marine  
  99  10:49  SCV  
  101  10:58  Marine  
  101  10:59  Marine x2  
  101  11:01  SCV, Marine, Cyclone  
  90  11:08  Missile Turret  
  73  11:13  SCV  
  73  11:16  Marine  
  73  11:17  Marine  
  71  11:25  SCV  
  72  11:33  Cyclone  
  72  11:38  SCV  
  76  11:41  Marine x4  
  80  11:57  Refinery  
  80  11:59  Marine x4  
  84  12:05  Cyclone  
  87  12:17  Marine x4  
  91  12:34  Marine  
  91  12:35  Marine  
  93  12:37  Supply Depot, Cyclone  
  96  12:46  Missile Turret  
  96  13:00  Supply Depot  
  96  13:06  Missile Turret  
  96  13:09  Cyclone  
  99  13:14  Marine x4  
  103  13:23  Supply Depot  
  103  13:27  Missile Turret  
  103  13:32  Marine x4  
  107  13:41  Cyclone  
  107  13:47  Missile Turret  
  110  13:49  Marine  
  110  13:50  Marine x3  
  114  13:58  Supply Depot  
  114  14:03  Command Center  
  114  14:07  Marine x2, Missile Turret  
  114  14:08  Marine  
  117  14:22  Supply Depot  
  117  14:45  Supply Depot  
  117  15:09  Cyclone  
  117  15:11  Marine  
  117  15:12  Marine x3  
  124  15:28  Refinery  
  124  15:29  SCV, Marine x2, Refinery  
  124  15:30  Marine x2  
  129  15:41  SCV, Cyclone  
  133  15:47  Marine x3  
  133  15:48  Marine  
  137  15:53  SCV  
  138  16:05  SCV, Marine x4  
  143  16:17  SCV  
  44  16:59  SCV  
  45  17:08  Barracks  
  45  17:11  SCV  
  45  17:12  Engineering Bay  
  46  17:23  SCV  
  46  17:24  Barracks  
  47  17:35  SCV  
  48  17:41  Neosteel Armor  
  48  17:47  SCV  
  49  17:59  SCV  
  49  18:00  Barracks Reactor  
  50  18:10  Sensor Tower  
  50  18:12  Barracks  
  50  18:13  Barracks Reactor  
  50  18:25  Factory  
  49  18:44  Marine  
  49  18:45  Marine  
  51  18:49  Marine x2  
  53  19:02  Marine x2, Barracks  
  52  19:05  Supply Depot  
  52  19:07  Marine x2  
  47  19:12  Barracks Reactor  
Show
View Real Time Build Order
Export as new Build Order

RespekT Terran 

Build Orders: Command Center First (CC) 

Get SALT Encoding   

  12  0:01  SCV  
  13  0:13  SCV  
  14  0:26  SCV  
  15  0:51  Supply Depot  
  15  0:56  Command Center  
  15  1:09  Refinery  
  15  1:20  Barracks  
  15  1:27  SCV  
  16  1:39  SCV  
  17  1:51  SCV  
  18  2:03  SCV  
  19  2:08  SCV  
  19  2:14  Marine  
  19  2:15  SCV  
  22  2:20  Factory, SCV  
  23  2:27  SCV  
  24  2:32  Marine, Refinery  
  24  2:33  SCV  
  26  2:45  SCV  
  26  2:50  Marine  
  28  2:55  Supply Depot  
  28  2:57  SCV  
  29  3:06  Factory Tech Lab  
  29  3:08  Marine  
  29  3:10  Starport  
  30  3:17  SCV  
  30  3:18  Supply Depot  
  31  3:22  Refinery  
  31  3:29  SCV  
  31  3:30  SCV  
  33  3:37  Siege Tank  
  36  3:41  SCV  
  36  3:42  SCV  
  38  3:53  SCV  
  39  3:56  Refinery  
  39  4:04  Starport Reactor  
  39  4:05  SCV  
  39  4:08  Starport  
  40  4:18  SCV  
  40  4:21  Siege Tank  
  44  4:26  Supply Depot  
  44  4:30  SCV  
  45  4:42  SCV  
  46  4:47  Engineering Bay  
  46  4:50  Supply Depot  
  46  4:58  Siege Tank  
  49  5:01  Command Center  
  49  5:06  Marine  
  50  5:12  Supply Depot  
  50  5:15  Starport Reactor  
  50  5:24  Marine  
  51  5:30  Siege Tank  
  54  5:38  Missile Turret  
  54  5:42  Marine  
  55  5:54  Viking  
  55  5:55  Viking x3  
  63  6:00  Marine  
  63  6:02  Siege Tank  
  63  6:03  Supply Depot  
  67  6:15  Missile Turret  
  67  6:17  Marine  
  69  6:18  SCV  
  69  6:24  Viking  
  71  6:25  Refinery  
  71  6:27  SCV  
  71  6:30  SCV  
  73  6:34  Missile Turret  
  73  6:35  Siege Tank, Marine  
  78  6:40  SCV  
  78  6:42  SCV  
  79  6:52  SCV  
  80  6:54  SCV  
  80  6:57  Missile Turret  
  81  7:07  SCV  
  82  7:19  SCV  
  83  7:31  SCV  
  84  7:40  Orbital Command  
  84  7:54  Supply Depot  
  69  8:20  Viking x3  
  69  8:21  Viking  
  69  8:25  Siege Tank  
  80  8:50  Viking x4  
  80  8:51  Armory  
  80  8:53  Marine  
  89  8:58  Siege Tank  
  92  9:11  Marine  
  92  9:16  Missile Turret  
  93  9:20  Viking x4  
  101  9:28  Marine  
  101  9:30  Siege Tank  
  105  9:36  Missile Turret, Supply Depot  
  105  9:46  Marine  
  105  9:50  Viking  
  108  9:57  Viking x2  
  112  10:00  Supply Depot  
  112  10:02  Siege Tank, Supply Depot  
  112  10:04  Terran Vehicle And Ship Armor Level 1, Marine  
  116  10:24  Missile Turret  
  116  10:32  SCV  
  116  10:34  Siege Tank  
  120  10:44  SCV  
  120  10:45  Viking x2  
  120  10:48  Missile Turret  
  125  10:54  Supply Depot  
  125  10:56  SCV  
  126  10:58  Supply Depot  
  112  11:16  SCV, Supply Depot  
  107  11:28  SCV  
  104  11:40  SCV  
  105  11:53  SCV  
  106  11:58  Terran Ship Weapons Level 1  
  106  12:05  SCV  
  107  12:12  Viking x4  
  115  12:19  SCV  
  116  12:28  Missile Turret  
  116  12:31  SCV  
  117  12:42  Viking  
  117  12:43  SCV  
  113  12:55  SCV  
  99  13:20  Viking x3  
  99  13:21  Viking  
  107  13:35  SCV  
  108  13:47  SCV  
  109  13:59  SCV  
  98  14:31  SCV  
  91  14:43  SCV  
  92  14:51  Viking x3  
  98  14:55  SCV  
  99  15:07  SCV  
  100  15:19  SCV  
  101  15:31  SCV  
  102  15:37  Command Center  
  102  15:43  SCV  
  103  15:52  Viking x2  
  103  15:55  SCV  
  108  16:07  SCV  
  109  16:21  Viking  
  109  16:22  Viking x2  
  115  16:50  SCV  
  116  17:02  SCV  
  117  17:14  SCV  
  118  17:26  SCV  
  93  17:38  SCV  
  72  18:00  Viking x4  
  37  18:29  Viking  
  37  18:30  Viking x3  
Show
View Real Time Build Order
Export as new Build Order

MooEsqoo Protoss 

Build Orders: 1 Gate Expand, Carriers 

Get SALT Encoding   

  12  0:01  Probe  
  13  0:14  Pylon  
  13  0:28  Probe  
  14  0:33  Gateway  
  14  0:42  Assimilator  
  14  0:43  Probe (Chrono Boost)  
  15  0:52  Probe (Chrono Boost)  
  16  0:57  Probe (Chrono Boost)  
  17  1:15  Probe  
  18  1:32  Nexus  
  18  1:39  Cybernetics Core  
  18  1:46  Pylon  
  18  1:49  Probe  
  19  1:57  Assimilator  
  19  2:01  Probe  
  22  2:20  Adept  
  22  2:21  Warp Gate  
  22  2:22  Probe (Chrono Boost)  
  23  2:34  Probe (Chrono Boost)  
  24  2:41  Probe (Chrono Boost)  
  25  2:45  Probe (Chrono Boost)  
  25  2:49  Stalker (Chrono Boost), Probe  
  29  2:57  Probe  
  30  3:10  Probe x2  
  32  3:21  Stargate  
  32  3:22  Probe, Gateway  
  32  3:23  Probe  
  34  3:32  Twilight Council  
  34  3:34  Stalker  
  36  3:51  Probe x2  
  38  4:00  Assimilator  
  38  4:03  Oracle (Chrono Boost), Probe x2  
  38  4:04  Assimilator  
  38  4:08  Blink (Chrono Boost)  
  43  4:19  Probe x2  
  45  4:31  Probe  
  45  4:34  Pylon  
  45  4:35  Pylon  
  45  4:37  Pylon  
  46  4:40  Pylon  
  46  4:43  Pylon  
  46  4:52  Oracle, Probe  
  50  5:16  Stalker x2  
  54  5:33  Robotics Facility  
  54  5:40  Nexus  
  54  5:42  Pylon, Gateway  
  54  5:44  Gateway  
  54  5:46  Pylon, Probe x2  
  54  5:49  Pylon  
  56  5:57  Oracle (Chrono Boost)  
  56  5:58  Probe x2  
  56  6:03  Stalker  
  63  6:33  Warp Prism (Chrono Boost)  
  63  6:34  Stalker x2  
  69  6:43  Stalker x2  
  73  7:02  Observer  
  54  7:23  Immortal  
  47  7:46  Stalker x3  
  50  8:12  Stalker x3  
  54  8:18  Probe  
  55  8:20  Probe  
  55  8:21  Probe  
  57  8:30  Probe  
  57  8:33  Probe x2  
  58  8:39  Pylon  
  58  8:42  Pylon, Probe  
  58  8:43  Pylon  
  58  8:45  Pylon, Probe x2  
  61  8:54  Probe  
  61  8:55  Sentry  
  64  8:57  Probe x2  
  66  9:06  Probe  
  66  9:09  Probe x2  
  69  9:18  Stalker  
  69  9:19  Stalker  
  41  9:58  Probe x2  
  41  9:59  Probe  
  44  10:06  Stalker x4  
  52  10:10  Void Ray, Probe x2  
  52  10:11  Immortal (Chrono Boost), Probe  
  63  10:22  Probe  
  63  10:23  Probe x2  
  66  10:34  Pylon  
  66  10:35  Probe x3  
  69  10:41  Forge  
  69  10:47  Probe x3  
  69  10:49  Stalker  
  74  10:50  Stalker x2  
  78  11:40  Probe x2  
  78  11:41  Probe  
  81  11:52  Probe  
  81  11:53  Probe x2  
  84  11:56  Fleet Beacon  
  84  11:58  Stargate  
  84  12:00  Stargate  
  84  12:02  Stargate  
  84  12:06  Stalker x2  
  88  12:09  Sentry  
  88  12:10  Sentry  
  92  12:20  Probe x3  
  95  12:26  Assimilator  
  95  12:32  Probe x3  
  98  12:46  Assimilator  
  98  12:48  Protoss Ground Weapons Level 1  
  98  13:03  Protoss Air Weapons Level 1 (Chrono Boost)  
  98  13:38  Probe  
  99  13:50  Probe x2  
  99  13:51  Carrier (Chrono Boost)  
  99  13:52  Carrier (Chrono Boost)  
  113  14:05  Void Ray (Chrono Boost)  
  113  14:09  Immortal (Chrono Boost)  
  121  14:23  Pylon  
  121  14:25  Pylon  
  121  14:27  Pylon, Carrier (Chrono Boost)  
  121  14:29  Pylon  
  127  14:48  Carrier  
  127  14:52  Carrier  
  139  15:10  Charge (Chrono Boost)  
  139  15:15  Protoss Air Weapons Level 2 (Chrono Boost)  
  139  16:02  Carrier  
  139  16:03  Carrier  
  119  17:10  Stalker  
  119  17:11  Stalker x2  
  125  17:16  Zealot  
  20  18:42  Nexus  
  20  18:44  Pylon  
  20  18:46  Pylon  
  20  18:49  Assimilator  
  20  18:53  Assimilator  
Show
View Real Time Build Order
Export as new Build Order

FaceOff Protoss 

Build Orders: 1 Gate Expand, Carriers 

Get SALT Encoding   

  12  0:02  Probe  
  13  0:21  Pylon  
  13  0:25  Probe (Chrono Boost)  
  15  0:35  Probe (Chrono Boost)  
  15  0:40  Probe (Chrono Boost)  
  16  0:51  Probe  
  16  0:53  Gateway  
  17  0:59  Assimilator  
  17  1:03  Probe  
  18  1:15  Probe  
  19  1:26  Nexus  
  19  1:31  Assimilator  
  19  1:38  Probe (Chrono Boost)  
  21  1:48  Probe (Chrono Boost)  
  21  1:51  Cybernetics Core  
  21  1:56  Pylon  
  21  2:03  Probe  
  22  2:15  Probe (Chrono Boost)  
  23  2:22  Forge  
  23  2:24  Probe (Chrono Boost)  
  23  2:29  Probe (Chrono Boost)  
  25  2:38  Stargate  
  25  2:41  Probe (Chrono Boost)  
  25  2:43  Assimilator  
  26  2:49  Assimilator  
  26  2:52  Probe (Chrono Boost)  
  27  3:02  Probe (Chrono Boost)  
  27  3:03  Probe (Chrono Boost)  
  29  3:07  Probe (Chrono Boost)  
  29  3:12  Probe  
  32  3:20  Probe (Chrono Boost)  
  32  3:24  Probe (Chrono Boost)  
  35  3:34  Probe (Chrono Boost)  
  35  3:35  Void Ray, Probe (Chrono Boost)  
  35  3:39  Probe (Chrono Boost)  
  40  3:42  Probe  
  41  3:49  Pylon  
  41  3:50  Probe  
  41  3:54  Probe  
  43  3:58  Stargate  
  43  4:01  Pylon  
  43  4:03  Pylon  
  43  4:07  Probe (Chrono Boost)  
  44  4:16  Probe x2 (Chrono Boost)  
  46  4:21  Probe (Chrono Boost)  
  46  4:23  Probe  
  48  4:26  Void Ray  
  52  4:33  Probe  
  52  4:35  Pylon  
  52  4:38  Protoss Shields Level 1  
  53  4:39  Pylon  
  53  4:55  Protoss Air Weapons Level 1  
  53  5:05  Void Ray  
  57  5:08  Void Ray  
  57  5:11  Stargate  
  61  5:14  Stargate  
  61  5:19  Robotics Facility  
  61  5:38  Probe (Chrono Boost)  
  63  5:44  Probe (Chrono Boost)  
  63  5:48  Probe (Chrono Boost)  
  64  5:52  Probe (Chrono Boost)  
  64  5:55  Probe (Chrono Boost)  
  66  5:57  Probe (Chrono Boost)  
  66  5:59  Void Ray x3  
  66  6:03  Void Ray  
  83  6:10  Observer  
  84  6:18  Nexus  
  84  6:24  Pylon  
  84  6:27  Pylon  
  84  6:33  Probe (Chrono Boost)  
  85  6:42  Probe (Chrono Boost)  
  86  7:02  Photon Cannon  
  86  7:05  Photon Cannon  
  86  7:07  Photon Cannon  
  86  7:09  Photon Cannon  
  86  7:14  Assimilator  
  86  7:18  Assimilator  
  77  7:55  Void Ray x4  
  89  8:12  Observer  
  90  8:13  Protoss Air Armor Level 1  
  90  8:15  Probe (Chrono Boost)  
  91  8:26  Probe (Chrono Boost)  
  92  8:31  Probe (Chrono Boost)  
  92  8:42  Probe  
  93  8:51  Void Ray  
  93  8:52  Void Ray x2  
  106  8:56  Probe (Chrono Boost)  
  106  9:00  Probe (Chrono Boost)  
  108  9:10  Probe (Chrono Boost)  
  108  9:16  Probe (Chrono Boost)  
  110  9:17  Probe (Chrono Boost)  
  110  9:24  Void Ray  
  110  9:27  Probe (Chrono Boost)  
  110  9:29  Probe (Chrono Boost)  
  112  9:32  Pylon, Probe (Chrono Boost)  
  112  9:33  Pylon  
  112  9:34  Void Ray x3  
  112  9:35  Pylon  
  112  9:38  Pylon, Probe  
  114  9:43  Probe  
  103  9:55  Probe  
  104  10:04  Robotics Facility  
  104  10:13  Pylon  
  104  10:16  Pylon, Probe (Chrono Boost)  
  105  10:26  Probe (Chrono Boost)  
  106  10:31  Probe (Chrono Boost)  
  107  10:42  Probe  
  108  10:54  Probe  
  108  10:57  Void Ray x3  
  109  11:01  Photon Cannon  
  121  11:06  Photon Cannon  
  121  11:10  Photon Cannon  
  121  11:13  Photon Cannon  
  121  11:19  Photon Cannon  
  121  11:22  Photon Cannon  
  120  11:27  Photon Cannon  
  120  11:31  Photon Cannon  
  120  11:34  Photon Cannon  
  120  11:35  Photon Cannon  
  120  11:37  Photon Cannon  
  120  11:44  Void Ray x3  
  132  11:54  Fleet Beacon  
  132  12:01  Probe (Chrono Boost)  
  133  12:12  Probe (Chrono Boost)  
  133  12:15  Pylon  
  134  12:16  Probe (Chrono Boost)  
  134  12:17  Pylon  
  134  12:19  Pylon  
  134  12:21  Twilight Council  
  135  12:26  Pylon  
  135  12:29  Pylon  
  135  12:33  Observer  
  136  12:46  Void Ray x3  
  148  12:59  Carrier  
  154  13:17  Protoss Shields Level 2  
  154  13:29  Void Ray x2  
  162  13:38  Protoss Air Armor Level 2  
  162  13:46  Carrier  
  168  14:03  Carrier  
  174  14:12  Carrier x2  
  186  14:41  Mothership  
  194  14:50  Carrier  
  152  16:11  Carrier x3  
  169  16:19  Pylon  
  169  16:20  Pylon  
  169  16:22  Pylon  
  169  16:23  Pylon  
  169  16:25  Pylon  
  169  16:26  Pylon  
  169  16:28  Pylon  
  169  16:37  Carrier  
  83  17:48  Carrier  
  83  17:49  Carrier x2  
Show
View Real Time Build Order
Export as new Build Order

Dudek Terran 

Build Orders:  

Get SALT Encoding   

  13  0:14  SCV  
  13  0:16  Supply Depot  
  13  0:26  SCV  
  14  0:33  Refinery  
  14  0:44  Barracks  
  14  0:47  SCV  
  15  0:59  Engineering Bay  
  15  1:04  SCV  
  16  1:16  SCV  
  17  1:32  Supply Depot  
  17  1:34  SCV  
  19  1:41  Reaper  
  19  1:46  SCV  
  20  1:56  Supply Depot  
  20  1:59  Orbital Command  
  20  2:13  Reaper  
  21  2:45  Reaper  
  21  3:15  Refinery  
  21  3:17  Reaper  
  22  3:26  Factory  
  22  3:49  Reaper  
  22  3:52  SCV  
  24  4:04  SCV  
  24  4:05  Ghost Academy  
  25  4:19  Armory  
  25  4:22  Factory Tech Lab  
  21  5:15  Marine  
  21  5:19  Thor  
  28  5:32  Marine, Sensor Tower  
  29  5:40  Terran Infantry Weapons Level 1  
  29  5:50  Marine  
  29  5:55  Missile Turret  
  30  6:08  Marine  
  31  6:15  Missile Turret  
  31  6:18  Orbital Command  
  31  6:26  Marine  
  32  6:35  Missile Turret  
  32  6:54  Starport  
  32  6:56  Missile Turret  
  32  7:02  Thor  
  38  7:16  Missile Turret  
  38  7:21  Marine  
  39  7:34  Terran Infantry Armor Level 1  
  39  7:37  Missile Turret  
  39  7:38  Terran Vehicle Weapons Level 1  
  39  7:57  Missile Turret  
  39  7:59  Supply Depot  
  39  8:17  Missile Turret  
  39  8:21  Marine, Medivac  
  39  8:23  Supply Depot  
  42  8:38  Marine, Missile Turret  
  42  8:41  Command Center  
  43  8:45  Supply Depot  
  43  8:51  Thor  
  49  8:56  Marine  
  50  9:14  Marine  
  51  9:32  Terran Vehicle And Ship Armor Level 1, Marine  
  48  9:50  Marine  
  49  10:01  SCV, Sensor Tower  
  50  10:10  Starport Tech Lab  
  50  10:13  SCV  
  51  10:18  Fusion Core  
  51  10:25  SCV  
  52  10:37  SCV  
  52  10:38  Medivac  
  52  10:40  Marine  
  56  10:58  Marine  
  57  11:06  Supply Depot  
  57  11:08  Medivac  
  59  11:16  Marine  
  60  11:25  Barracks  
  60  11:27  Terran Ship Weapons Level 1  
  60  11:29  Supply Depot  
  60  11:34  Marine  
  60  11:38  Battlecruiser  
  67  11:52  Marine, Supply Depot  
  68  12:05  Nuke  
  68  12:09  Marine  
  68  12:13  Barracks  
  69  12:20  Refinery  
  69  12:21  SCV  
  70  12:23  Refinery  
  70  12:27  Marine  
  71  12:33  SCV  
  72  12:45  SCV, Marine  
  72  12:47  Personal Cloaking  
  74  12:56  Thor  
  74  12:57  SCV  
  81  13:09  SCV  
  59  14:20  Battlecruiser  
  57  14:38  Missile Turret  
  57  14:53  Missile Turret  
  57  14:57  Weapon Refit  
  57  14:58  Missile Turret  
  57  15:09  Starport  
  57  15:12  Missile Turret  
  57  15:13  Barracks Reactor  
  57  15:15  Barracks Tech Lab  
  57  15:17  Marine  
  57  15:18  Missile Turret  
  58  15:24  Battlecruiser  
  64  15:35  Marine  
  64  15:36  SCV  
  64  15:38  Missile Turret  
  66  15:48  SCV  
  67  15:53  Marine  
  68  16:01  SCV  
  68  16:11  Marine  
  69  16:13  SCV  
  70  16:25  SCV  
  71  16:29  Marine  
  71  16:31  Starport Tech Lab  
  78  16:34  Ghost  
Show
View Real Time Build Order
Export as new Build Order

Джо Terran 

Build Orders:  

Get SALT Encoding   

  12  0:06  SCV  
  13  0:18  SCV  
  14  0:23  Supply Depot  
  14  0:30  SCV  
  15  0:45  SCV  
  15  0:47  Barracks  
  16  0:56  Refinery  
  16  0:57  SCV  
  17  0:59  Refinery  
  17  1:09  SCV  
  18  1:21  SCV  
  18  1:22  Supply Depot  
  19  1:33  SCV  
  19  1:37  Marine  
  19  1:38  Barracks  
  21  1:56  Factory  
  21  2:17  Marine  
  22  2:23  Orbital Command  
  22  2:32  Ghost Academy  
  22  2:40  Barracks Tech Lab  
  22  2:43  Barracks Tech Lab  
  22  2:47  Factory Tech Lab  
  22  2:59  Ghost Academy  
  22  3:08  Siege Tank  
  25  3:21  Ghost  
  27  3:33  Personal Cloaking  
  27  3:52  Siege Tank  
  30  4:28  Supply Depot  
  30  4:29  Command Center  
  30  4:38  Nuke  
  30  4:53  Ghost  
  30  4:58  Nuke  
  32  5:09  Engineering Bay  
  32  5:17  Ghost  
  34  5:26  SCV  
  35  5:38  SCV  
  36  5:51  SCV, Hi-Sec Auto Tracking  
  37  5:57  Missile Turret  
  37  6:08  Missile Turret  
  37  6:29  Missile Turret  
  37  7:09  Nuke x2  
  35  8:23  Ghost  
  35  8:24  Ghost  
  39  8:27  Nuke x2  
  37  8:52  Ghost  
  39  9:00  Missile Turret x2  
  39  9:01  SCV  
  39  9:02  Missile Turret  
  40  9:05  Missile Turret, Neosteel Armor  
  40  9:07  Siege Tank  
  43  9:13  SCV  
  44  9:20  Missile Turret  
  44  9:23  Missile Turret  
  44  9:25  SCV  
  44  9:27  Missile Turret x2  
  45  9:37  SCV  
  46  9:49  SCV  
  47  9:53  Ghost x2  
  47  9:59  Refinery  
  51  10:01  SCV  
  51  10:02  Refinery  
  52  10:10  Ghost Academy  
  52  10:13  SCV, Ghost Academy  
  49  10:25  SCV  
  50  10:37  SCV  
  51  10:45  Terran Infantry Weapons Level 1  
  52  10:50  SCV  
  52  11:15  Nuke x2  
  52  11:17  Nuke x2  
  52  11:53  Ghost x2  
  52  12:08  Engineering Bay  
  52  12:14  Armory  
  52  12:21  Ghost  
  54  12:39  Terran Infantry Armor Level 1  
  54  13:08  Nuke  
  54  13:10  Nuke  
  54  13:11  Nuke  
  54  13:12  Nuke  
  54  13:27  Terran Infantry Weapons Level 2  
  54  13:45  Supply Depot  
  54  13:48  Supply Depot  
  54  13:49  Supply Depot  
  54  13:51  Supply Depot  
  54  14:06  Ghost x2  
  58  14:13  Command Center  
  58  14:18  Missile Turret  
  58  14:35  Ghost x2  
  62  14:40  Missile Turret  
  62  14:51  Ghost Academy x2  
  62  15:01  Missile Turret  
  62  15:19  Nuke x3  
  62  15:20  Nuke  
  62  15:22  Missile Turret  
  62  15:23  Nuke x2  
  62  15:34  Missile Turret  
  51  15:52  Missile Turret  
  51  15:56  Missile Turret  
  51  15:59  Planetary Fortress  
  51  16:14  Missile Turret  
  51  16:17  Missile Turret  
  51  16:35  Ghost x2  
  51  16:36  Missile Turret  
  55  16:42  Command Center  
  55  16:58  Missile Turret  
  55  17:03  Orbital Command  
  55  17:04  Ghost x2  
  59  17:19  Missile Turret  
  59  17:32  Nuke x3, Ghost  
  59  17:34  Nuke  
Show
View Real Time Build Order
Export as new Build Order

Soza Protoss 

Build Orders: Carriers 

Get SALT Encoding   

  12  0:05  Probe  
  13  0:24  Pylon  
  13  0:49  Gateway  
  13  0:52  Probe (Chrono Boost)  
  13  0:55  Assimilator  
  14  0:59  Assimilator  
  14  1:04  Probe (Chrono Boost)  
  15  1:14  Probe  
  16  1:26  Probe  
  17  1:35  Pylon  
  17  1:39  Probe (Chrono Boost)  
  18  1:40  Cybernetics Core  
  18  1:51  Probe (Chrono Boost)  
  19  1:59  Probe (Chrono Boost)  
  20  2:05  Probe  
  21  2:17  Probe  
  22  2:29  Probe  
  23  2:38  Cybernetics Core  
  23  3:04  Stargate  
  23  3:06  Stargate  
  23  3:09  Stargate  
  23  3:14  Probe  
  23  3:17  Nexus  
  24  3:27  Probe  
  25  3:39  Probe  
  26  3:50  Stargate  
  26  3:51  Probe  
  27  4:03  Probe  
  27  4:06  Fleet Beacon  
  28  4:15  Probe  
  29  4:27  Probe  
  30  4:39  Probe  
  31  4:51  Probe  
  32  5:18  Assimilator  
  32  5:22  Assimilator  
  32  6:03  Nexus  
  32  6:14  Probe x2  
  34  6:47  Pylon  
  34  6:49  Pylon  
  34  6:52  Probe x2  
  36  7:04  Pylon, Probe x2  
  38  7:16  Probe x2  
  40  7:31  Carrier x3  
  40  7:32  Carrier  
  40  7:34  Mothership  
  72  7:43  Probe  
  72  7:44  Probe  
  74  7:53  Protoss Air Weapons Level 1  
  74  7:55  Protoss Air Armor Level 1, Probe  
  74  7:56  Probe  
  76  8:01  Assimilator  
  76  8:06  Assimilator  
  76  8:08  Probe x2  
  78  8:20  Probe x2  
  80  8:32  Probe x2  
  82  8:44  Probe  
  83  9:04  Pylon  
  83  9:07  Pylon  
  83  9:09  Pylon  
  83  9:11  Pylon  
  83  9:54  Carrier x2  
  83  9:55  Carrier x2  
  107  10:06  Pylon  
  107  10:08  Pylon  
  107  10:10  Pylon  
  107  10:12  Pylon  
  107  10:50  Probe  
  107  10:51  Probe x2  
  110  10:58  Carrier  
  110  10:59  Carrier x3  
  110  11:03  Protoss Air Weapons Level 2, Probe x3  
  137  11:04  Protoss Air Armor Level 2  
  137  12:03  Carrier x2  
  149  12:17  Pylon  
  149  12:19  Pylon  
  149  12:21  Pylon  
  149  12:54  Nexus  
  149  13:08  Carrier  
  149  13:09  Carrier x3  
  173  13:21  Pylon  
  173  13:26  Pylon  
  173  13:57  Pylon  
  172  14:13  Carrier x4  
  196  14:21  Pylon  
  196  14:35  Pylon  
  196  14:49  Pylon  
  196  14:55  Protoss Air Weapons Level 3  
  196  14:56  Protoss Air Armor Level 3  
  196  14:57  Pylon  
  145  17:25  Carrier x3  
  145  17:26  Carrier  
Show
View Real Time Build Order
Export as new Build Order

Fibonacci Protoss 

Build Orders:  

Get SALT Encoding   

  12  0:13  Probe  
  13  0:17  Pylon  
  13  0:25  Probe  
  14  0:37  Probe  
  15  0:49  Probe (Chrono Boost)  
  16  1:01  Probe (Chrono Boost)  
  17  1:11  Nexus  
  17  1:15  Pylon  
  17  1:17  Probe  
  18  1:27  Gateway  
  18  1:30  Probe (Chrono Boost)  
  20  1:40  Probe (Chrono Boost)  
  20  1:41  Assimilator  
  20  1:50  Probe  
  21  1:54  Pylon  
  21  2:02  Probe  
  22  2:14  Probe  
  23  2:18  Cybernetics Core  
  23  2:22  Assimilator  
  23  2:26  Probe  
  24  2:30  Probe  
  25  2:40  Probe (Chrono Boost)  
  25  2:43  Probe (Chrono Boost)  
  29  2:51  Probe (Chrono Boost)  
  29  2:52  Probe (Chrono Boost)  
  29  2:56  Probe (Chrono Boost)  
  29  2:57  Probe (Chrono Boost), Assimilator  
  30  3:00  Robotics Facility  
  30  3:05  Stalker  
  33  3:08  Probe (Chrono Boost)  
  35  3:17  Probe (Chrono Boost)  
  35  3:18  Warp Gate  
  35  3:19  Probe (Chrono Boost)  
  36  3:25  Probe (Chrono Boost)  
  36  3:26  Probe (Chrono Boost)  
  37  3:27  Assimilator  
  37  3:33  Gateway  
  38  3:34  Stalker (Chrono Boost)  
  38  3:37  Pylon  
  38  3:40  Probe x2  
  42  3:47  Warp Prism  
  44  3:52  Probe x2  
  46  3:57  Stalker  
  48  4:04  Twilight Council  
  48  4:09  Gateway  
  48  4:13  Probe x2  
  50  4:21  Immortal (Chrono Boost)  
  54  4:29  Probe x2  
  56  4:35  Pylon  
  56  4:38  Blink (Chrono Boost)  
  56  4:41  Probe x2  
  56  4:44  Forge  
  58  4:53  Probe  
  58  4:54  Probe  
  58  4:57  Gateway  
  60  5:00  Gateway  
  60  5:06  Probe x2, Gateway  
  62  5:10  Immortal (Chrono Boost)  
  62  5:11  Protoss Ground Weapons Level 1 (Chrono Boost)  
  66  5:24  Stalker  
  66  5:25  Stalker  
  70  6:08  Pylon  
  70  6:24  Pylon  
  70  6:26  Probe x2  
  70  6:28  Nexus  
  70  6:29  Pylon x2  
  70  6:31  Charge (Chrono Boost)  
  72  6:37  Forge  
  72  6:38  Stalker x3  
  78  6:42  Probe  
  78  6:43  Pylon  
  78  6:45  Probe  
  78  6:46  Pylon  
  80  6:49  Pylon  
  80  6:54  Probe  
  81  6:57  Probe, Gateway  
  82  7:01  Gateway  
  82  7:02  Gateway  
  82  7:06  Probe  
  82  7:07  Photon Cannon  
  83  7:08  Stalker  
  83  7:09  Stalker x3, Photon Cannon  
  81  7:37  Warp Prism (Chrono Boost)  
  82  7:47  Protoss Ground Armor Level 1, Protoss Ground Weapons Level 2  
  78  8:16  Stalker  
  78  8:17  Stalker x5  
  78  8:18  Stalker x2  
  78  8:19  Stalker  
  96  8:25  Immortal  
  100  8:56  Nexus  
  100  9:00  Pylon  
  100  9:02  Pylon  
  100  9:05  Zealot  
  100  9:06  Zealot x4  
  110  9:12  Pylon  
  110  9:17  Pylon  
  110  9:19  Pylon  
  102  9:29  Zealot  
  102  9:30  Zealot x6  
  102  9:31  Zealot  
  84  9:54  Shield Battery  
  84  9:56  Shield Battery  
  84  9:57  Photon Cannon  
  84  9:58  Zealot x3  
  90  10:00  Zealot, Photon Cannon  
  90  10:01  Zealot  
  90  10:02  Stalker x2  
  90  10:04  Photon Cannon  
  98  10:10  Probe  
  98  10:11  Probe x2  
  101  10:23  Probe  
  102  10:36  Pylon  
  102  10:40  Probe x2  
  102  10:41  Probe  
  105  10:51  Assimilator  
  105  10:52  Probe  
  105  10:56  Assimilator  
  106  11:01  Nexus  
  82  11:13  Stalker x3  
  82  11:14  Stalker x2  
  82  11:15  Stalker  
  92  11:27  Immortal  
  92  11:28  Protoss Ground Weapons Level 3 (Chrono Boost), Zealot, Protoss Ground Armor Level 2 (Chrono Boost)  
  92  11:29  Zealot x2  
  102  11:48  Probe x2  
  102  11:49  Probe  
  105  11:54  Pylon  
  105  11:58  Pylon  
  105  12:00  Probe  
  105  12:01  Stalker, Probe  
  107  12:02  Stalker x2  
  107  12:04  Stalker  
  107  12:05  Zealot  
  117  12:10  Zealot  
  119  12:19  Probe x4  
  123  12:30  Photon Cannon  
  123  12:31  Probe x4  
  127  12:43  Zealot x3  
  133  12:44  Stalker  
  133  12:46  Stalker  
  133  12:50  Stalker  
  139  12:54  Immortal (Chrono Boost)  
  143  13:19  Probe x4  
  147  13:21  Assimilator  
  147  13:25  Assimilator, Photon Cannon  
  147  13:26  Observer  
  148  13:28  Shield Battery  
  148  13:31  Probe x4  
  152  13:46  Gateway  
  152  13:48  Gateway  
  152  13:49  Immortal  
  152  13:50  Gateway  
  152  13:52  Gateway, Protoss Shields Level 1 (Chrono Boost)  
  156  13:57  Stalker x2  
  156  13:58  Stalker  
  148  14:39  Protoss Ground Armor Level 3 (Chrono Boost)  
  148  14:53  Zealot x2  
  148  14:54  Zealot x2  
  148  14:55  Stalker x2  
  148  14:56  Stalker x3  
  148  14:57  Zealot x3  
  125  16:09  Stalker x5  
  125  16:10  Stalker x2  
  139  16:12  Stalker x4  
  139  16:13  Stalker x2  
  151  16:37  Stalker x3  
  151  16:38  Stalker x4  
  151  16:39  Stalker x3  
  163  16:40  Stalker x3  
  153  17:04  Stalker x3  
  153  17:05  Stalker x3  
  133  17:57  Warp Prism (Chrono Boost)  
  125  18:30  Warp Prism (Chrono Boost)  
  131  19:14  Stalker x5  
  131  19:15  Stalker x4  
  131  19:16  Stalker x3  
  155  19:17  Stalker  
Tags
 
Add a new tag
Caveats
  • Supply blocks, unpowered buildings, or Contaminate may cause inaccurate times.
  • Supply counts are checked every 10 seconds.